 Dungeon Crawl Stone Soup version 0.13.0-29-gdb529de (webtiles) character file.

339 Lilouch the Firebug (level 5, 0/28 HPs)
             Began as a Deep Elf Fire Elementalist on Nov 6, 2013.
             Killed from afar by an orc wizard (7 damage)
             ... with a puff of flame
             ... on Level 4 of the Dungeon.
             The game lasted 00:19:16 (3428 turns).

Lilouch the Firebug (Deep Elf Fire Elementalist)    Turns: 3428, Time: 00:19:16

HP   0/28        AC  2     Str  5      XL: 5   Next: 73%
MP   9/16        EV 13     Int 21      God:
Gold 108         SH  0     Dex 15      Spells:  3 memorised,  3 levels left

Res.Fire  : . . .   See Invis. : .   s - +1,+0 sling
Res.Cold  : . . .   Warding    : .   a - +0 elf robe
Life Prot.: . . .   Conserve   : .   (no shield)
Res.Poison: .       Res.Corr.  : .   (no helmet)
Res.Elec. : .       Clarity    : .   (no cloak)
Sust.Abil.: . .     Spirit.Shd : .   (no gloves)
Res.Mut.  : .       Stasis     : .   (no boots)
Res.Rott. : .       Flight     : .   (no amulet)
Saprovore : . . .                    (no ring)
                                     (no ring)

@: very slightly contaminated, slightly resistant to hostile enchantments,
fairly stealthy
A: no striking features
a: no special abilities


You were on level 4 of the Dungeon.
You were hungry.

You visited 1 branch of the dungeon, and saw 4 of its levels.

You collected 88 gold pieces.

Inventory:

Hand weapons
 s - a +1,+0 sling (weapon)
Missiles
 d - 42 poisoned needles
 m - 5 stones (quivered)
 q - 7 darts of flame
Armour
 a - a +0 elven robe (worn)
Comestibles
 c - 2 bread rations
 i - an apple
 v - a rotting chunk of worker ant flesh
Scrolls
 e - 2 scrolls of teleportation {unknown}
 f - a scroll of random uselessness {unknown}
 k - a scroll of enchant armour {unknown}
 n - a scroll of curse weapon {unknown}
 o - a scroll of blinking {unknown}
 p - a scroll of fear {unknown}
 r - 3 scrolls of identify {unknown}
 u - a scroll of recharging {unknown}
Potions
 g - a potion of curing
 h - a potion of speed {unknown}
 j - a potion of paralysis {unknown}
 l - 2 potions of might {unknown}
Books
 b - a book of Flames

   Spells                             Type                      Level
   *Flame Tongue                      Conjuration/Fire             1
   Throw Flame                        Conjuration/Fire             2
   *Conjure Flame                     Conjuration/Fire             3
   Inner Flame                        Hexes/Fire                   3
   *Sticky Flame                      Conjuration/Fire             4
   Fireball                           Conjuration/Fire             5


   Skills:
 - Level 2.4 Dodging
 - Level 2.4 Stealth
 + Level 3.8 Spellcasting
 + Level 3.2 Conjurations
 * Level 5.5 Fire Magic


You had 3 spell levels left.
You knew the following spells:

 Your Spells              Type           Power        Failure   Level  Hunger
a - Flame Tongue          Conj/Fire      ###..        1%          1    None
b - Conjure Flame         Conj/Fire      ###.....     10%         3    ###....
c - Sticky Flame          Conj/Fire      ###.....     24%         4    ####...


Dungeon Overview and Level Annotations

Branches:
Dungeon (4/27)
 Temple: D:4-7

Altars:


Message History

Press: ? - help, Shift-Dir - straight line, f/p - orc wizard
Aim: an orc wizard, wielding an orcish dagger and wearing an orcish robe You shoot a stone.
The stone hits the orc wizard.
The orc wizard is lightly wounded.
You hear some strange, mumbled words.
Something tries to affect you, but you resist.
The orc picks up an orcish hand axe.
Firing (i - inventory. (,) - cycle):
m - 6 stones (quivered)
Press: ? - help, Shift-Dir - straight line, f/p - orc wizard
Aim: an orc wizard, wielding an orcish dagger and wearing an orcish robe (lightly wounded)
You shoot a stone. The stone hits the orc wizard.
The orc wizard is lightly wounded.
The magic dart hits you!
The orc wizard casts a spell.
The orc wizard seems to speed up.
The puff of flame hits you!
Your scroll labeled RUD TOMAALIVO catches fire!
* * * LOW HITPOINT WARNING * * *
The puff of flame hits you!
You die...

#......#### ##'#
#......# #.# #......#
#.# ####'### #.#
###+# #..# #.#
...(.((### ###'###
#.#
.....(ooo#####.....#
##+#
.....o.#.ยง...#.....#
#####...


?ooo{ #####.@.....# #...+... .... ###.....####.###.<. o.o #.....'....# #... .
#.....###### #.>. #.....# ###' ####'## #. #...# #. ####.#### #. #.......# #. You
could see 2 orc wizards and an orc.

Vanquished Creatures
  An ogre (D:4)
  2 worker ants (D:4)
  2 adders (D:3)
  A worm (D:3)
  An adder skeleton (D:4)
  A giant gecko (D:3)
  2 oozes
  7 orcs
  A ball python (D:1)
  2 giant cockroaches (D:1)
  8 hobgoblins
  A jackal (D:1)
  7 kobolds
  9 bats
  2 giant newts
  8 goblins
  An orc skeleton (D:4)
  6 rats
62 creatures vanquished.

Notes
Turn   | Place    | Note
--------------------------------------------------------------
     0 | D:1      | Lilouch, the Deep Elf Fire Elementalist, began the quest for the Orb.
     0 | D:1      | Reached XP level 1. HP: 10/10 MP: 4/4
   587 | D:1      | Reached XP level 2. HP: 13/15 MP: 3/7
  1520 | D:2      | Reached skill level 4 in Fire Magic
  1769 | D:3      | Reached XP level 3. HP: 19/19 MP: 7/9
  2653 | D:3      | Reached XP level 4. HP: 24/24 MP: 6/12
  2764 | D:4      | Learned a level 3 spell: Conjure Flame
  2769 | D:4      | Learned a level 4 spell: Sticky Flame
  2789 | D:4      | Noticed an ogre
  2795 | D:4      | Killed an ogre
  2795 | D:4      | Reached skill level 5 in Fire Magic
  2795 | D:4      | Reached XP level 5. HP: 28/28 MP: 3/16
  3428 | D:4      | Killed from afar by an orc wizard

Action                   |  1- 3 |  4- 6 || total
-------------------------+-------+-------++-------
 Fire: Sling             |    44 |    71 ||   115
Throw: Dart              |    48 |     3 ||    51
       Stone             |    11 |       ||    11
 Cast: Flame Tongue      |    82 |    15 ||    97
       Conjure Flame     |       |    13 ||    13
       Sticky Flame      |       |     1 ||     1
  Use: Potion            |       |     1 ||     1
